TOP OF THE 1ST |
Mobile BayBears batting - Pitching for Harrisburg Senators : RHP Ivano Galikov
|
Pitching: RHP Ivano Galikov
|
|
Batting: RHB Carlos Ballesteros
|
0-0: Ball 1-0: Foul Ball, location: 2F 1-1: Ground out 5-3 (Groundball, 56, EV 103.1 MPH)
|
Batting: LHB Koson Hirai
|
0-0: Ball 1-0: Foul Ball, location: 2F 1-1: Fly out, F8 (Flyball, 8LD, EV 78.8 MPH)
|
Batting: RHB Josh Burrows
|
0-0: Fly out, F4 (Popup, 4M, EV 66.9 MPH)
|
Top of the 1st over - 0 runs, 0 hits, 0 errors, 0 left on base; Mobile 0 - Harrisburg 0 |
BOTTOM OF THE 1ST |
Harrisburg Senators batting - Pitching for Mobile BayBears : LHP Sean Zech
|
Pitching: LHP Sean Zech
|
|
Batting: RHB Pat Drader
|
0-0: Foul Ball, location: 2F 0-1: Ball 1-1: SINGLE (Groundball, 34D, EV 94.4 MPH)
|
Batting: RHB Antonio Laurel
|
0-0: Fly out, F7 (Flyball, 7LSF, EV 94.4 MPH)
|
Batting: RHB Kevin Wick
|
0-0: Foul Ball, location: 2F 0-1: Ball 1-1: Called Strike 1-2: SINGLE (Flyball, 89S, EV 96.2 MPH) Pat Drader to second Throwing error, E9 Pat Drader scores Kevin Wick to second
|
Batting: RHB Slavik Nebrodov
|
0-0: Swinging Strike 0-1: Ball 1-1: Foul Ball, location: 2F 1-2: SINGLE (Groundball, 6MD, EV 98.1 MPH) Kevin Wick to third
|
Batting: RHB Paul Shell
|
0-0: Ball 1-0: Called Strike 1-1: Foul Ball, location: 2F 1-2: Hit by Pitch Slavik Nebrodov to second
|
Batting: RHB Ben Welt
|
0-0: Ground out 5-3 (Groundball, 56S, EV 70.6 MPH) Kevin Wick scores Slavik Nebrodov to third Paul Shell to second
|
Batting: LHB Evan Oliveri
|
0-0: Called Strike 0-1: Ball 1-1: Swinging Strike 1-2: Ball 2-2: Ball 3-2: DOUBLE (Line Drive, 9LD, EV 100.0 MPH) Slavik Nebrodov scores Paul Shell scores
|
Batting: RHB Antonio Morado
|
0-0: Called Strike 0-1: Called Strike 0-2: SINGLE (Line Drive, 34D, EV 101.9 MPH) Evan Oliveri to third Runner from 3rd tries for Home, SAFE, throw by RF to home
|
Batting: RHB Seth Rutz
|
0-0: Called Strike 0-1: Called Strike 0-2: Foul Ball, location: 2F 0-2: Foul Ball, location: 2F 0-2: Foul Ball, location: 2F 0-2: Ball 1-2: Fly out, F9 (Flyball, 9LSF, EV 94.4 MPH)
|
Bottom of the 1st over - 5 runs, 5 hits, 1 error, 1 left on base; Mobile 0 - Harrisburg 5 |
TOP OF THE 2ND |
Mobile BayBears batting - Pitching for Harrisburg Senators : RHP Ivano Galikov
|
Batting: LHB Soo-yeon Kym
|
0-0: Foul Ball, location: 2F 0-1: Swinging Strike 0-2: Strikes out swinging
|
Batting: LHB T.J. Duvall
|
0-0: Swinging Strike 0-1: Ball 1-1: Ball 2-1: Ground out 4-3 (Groundball, 4, EV 86.2 MPH)
|
Batting: RHB Chris Bittner
|
0-0: Foul Ball, location: 2F 0-1: Called Strike 0-2: Ball 1-2: Ball 2-2: Ball 3-2: SINGLE (Groundball, 56, EV 95.0 MPH)
|
Batting: RHB Paul Schreiber
|
0-0: Called Strike 0-1: Foul Ball, location: 2F 0-2: Ground out 5-3 (Groundball, 56, EV 106.9 MPH)
|
Top of the 2nd over - 0 runs, 1 hit, 0 errors, 1 left on base; Mobile 0 - Harrisburg 5 |
BOTTOM OF THE 2ND |
Harrisburg Senators batting - Pitching for Mobile BayBears : LHP Sean Zech
|
Batting: RHB Pat Drader
|
0-0: Foul Ball, location: 2F 0-1: Ground out 6-3 (Groundball, 6, EV 109.4 MPH)
|
Batting: RHB Antonio Laurel
|
0-0: Called Strike 0-1: Ball 1-1: Called Strike 1-2: Fly out, F8 (Flyball, 8LXD, EV 96.9 MPH)
|
Batting: RHB Kevin Wick
|
0-0: Called Strike 0-1: Swinging Strike 0-2: Strikes out swinging
|
Bottom of the 2nd over - 0 runs, 0 hits, 0 errors, 0 left on base; Mobile 0 - Harrisburg 5 |
TOP OF THE 3RD |
Mobile BayBears batting - Pitching for Harrisburg Senators : RHP Ivano Galikov
|
Batting: RHB Jeremy Adams
|
0-0: Fly out, F8 (Flyball, 8LD, EV 96.2 MPH)
|
Batting: RHB Yasuo Nakata
|
0-0: SOLO HOME RUN (Flyball, 7LD, EV 94.4 MPH), Distance : 351 ft
|
Batting: RHB Carlos Ballesteros
|
0-0: Called Strike 0-1: Swinging Strike 0-2: Strikes out swinging
|
Batting: LHB Koson Hirai
|
0-0: Foul Ball, location: 2F 0-1: Ball 1-1: Ball 2-1: Foul Ball, location: 2F 2-2: Ball 3-2: Foul Ball, location: 2F 3-2: Fly out, F8 (Flyball, 8RD, EV 92.5 MPH)
|
Top of the 3rd over - 1 run, 1 hit, 0 errors, 0 left on base; Mobile 1 - Harrisburg 5 |
BOTTOM OF THE 3RD |
Harrisburg Senators batting - Pitching for Mobile BayBears : LHP Sean Zech
|
Batting: RHB Slavik Nebrodov
|
0-0: Ball 1-0: Ball 2-0: SINGLE (Line Drive, 78S, EV 99.4 MPH)
|
Batting: RHB Paul Shell
|
0-0: Ball 1-0: Ball 2-0: Called Strike 2-1: Foul Ball, location: 2F 2-2: Foul Ball, location: 2F 2-2: Strikes out looking
|
Batting: RHB Ben Welt
|
0-0: Called Strike 0-1: Ball 1-1: SINGLE (Line Drive, 8RS, EV 91.9 MPH) Slavik Nebrodov to second
|
Pitching: RHP Tadatoki Yoshida
|
|
Batting: LHB Evan Oliveri
|
0-0: Called Strike 0-1: Foul Ball, location: 2F 0-2: Ball 1-2: Ball 2-2: Ball 3-2: Strikes out swinging
|
Batting: RHB Antonio Morado
|
0-0: Ball 1-0: Ball 2-0: Called Strike 2-1: Called Strike 2-2: SINGLE (Groundball, 56, EV 97.5 MPH) Slavik Nebrodov to third Ben Welt to second
|
Batting: RHB Seth Rutz
|
0-0: Ball 1-0: Swinging Strike 1-1: Ground out U3 (Groundball, 34S, EV 86.2 MPH)
|
Bottom of the 3rd over - 0 runs, 3 hits, 0 errors, 3 left on base; Mobile 1 - Harrisburg 5 |
TOP OF THE 4TH |
Mobile BayBears batting - Pitching for Harrisburg Senators : RHP Ivano Galikov
|
Batting: RHB Josh Burrows
|
0-0: Ball 1-0: Ball 2-0: Ball 3-0: SINGLE (Flyball, 4D, EV 84.4 MPH)
|
Batting: LHB Soo-yeon Kym
|
0-0: Ball 1-0: Foul Ball, location: 2F 1-1: Called Strike 1-2: Ball 2-2: Strikes out looking
|
Batting: LHB T.J. Duvall
|
0-0: Called Strike 0-1: Ball 1-1: Ball 2-1: Ball 3-1: Foul Ball, location: 2F 3-2: Base on Balls Josh Burrows to second
|
Batting: RHB Chris Bittner
|
0-0: Called Strike 0-1: Ball 1-1: Called Strike 1-2: Ball 2-2: Strikes out swinging
|
Batting: RHB Paul Schreiber
|
0-0: Ball 1-0: Fielders Choice at 2nd, 5-4 (Groundball, 5L, EV 89.4 MPH)
|
Top of the 4th over - 0 runs, 1 hit, 0 errors, 2 left on base; Mobile 1 - Harrisburg 5 |
BOTTOM OF THE 4TH |
Harrisburg Senators batting - Pitching for Mobile BayBears : RHP Tadatoki Yoshida
|
Batting: RHB Pat Drader
|
0-0: Called Strike 0-1: Called Strike 0-2: Ball 1-2: Foul Ball, location: 2F 1-2: Foul Ball, location: 2F 1-2: Foul Ball, location: 2F 1-2: Strikes out swinging
|
Batting: RHB Antonio Laurel
|
0-0: Fly out, F9 (Line Drive, 9D, EV 105.0 MPH)
|
Batting: RHB Kevin Wick
|
0-0: Ball 1-0: Called Strike 1-1: Ground out 4-3 (Groundball, 34, EV 103.1 MPH)
|
Bottom of the 4th over - 0 runs, 0 hits, 0 errors, 0 left on base; Mobile 1 - Harrisburg 5 |
TOP OF THE 5TH |
Mobile BayBears batting - Pitching for Harrisburg Senators : RHP Ivano Galikov
|
Batting: RHB Jeremy Adams
|
0-0: Ball 1-0: Called Strike 1-1: Ball 2-1: Foul Ball, location: 2F 2-2: Ball 3-2: Strikes out swinging, 2-3 out at first.
|
Batting: RHB Yasuo Nakata
|
0-0: Ball 1-0: Foul Ball, location: 2F 1-1: Swinging Strike 1-2: Ball 2-2: Ground out 6-3 (Groundball, 6, EV 86.9 MPH)
|
Batting: RHB Carlos Ballesteros
|
0-0: Ball 1-0: Ball 2-0: Called Strike 2-1: Ground out 5-3 (Groundball, 56, EV 79.4 MPH)
|
Top of the 5th over - 0 runs, 0 hits, 0 errors, 0 left on base; Mobile 1 - Harrisburg 5 |
BOTTOM OF THE 5TH |
Harrisburg Senators batting - Pitching for Mobile BayBears : RHP Tadatoki Yoshida
|
Batting: RHB Slavik Nebrodov
|
0-0: Fly out, F9 (Flyball, 89S, EV 81.2 MPH)
|
Batting: RHB Paul Shell
|
0-0: Foul Ball, location: 2F 0-1: Called Strike 0-2: Strikes out swinging
|
Batting: RHB Ben Welt
|
0-0: Foul Ball, location: 2F 0-1: Ball 1-1: Ball 2-1: Ball 3-1: Base on Balls
|
Batting: LHB Evan Oliveri
|
0-0: Ball 1-0: Fielders Choice at 2nd, 5-4 (Groundball, 5, EV 93.1 MPH)
|
Bottom of the 5th over - 0 runs, 0 hits, 0 errors, 1 left on base; Mobile 1 - Harrisburg 5 |
TOP OF THE 6TH |
Mobile BayBears batting - Pitching for Harrisburg Senators : RHP Ivano Galikov
|
Batting: LHB Koson Hirai
|
0-0: Ball 1-0: Called Strike 1-1: Swinging Strike 1-2: Strikes out swinging
|
Batting: RHB Josh Burrows
|
0-0: Ball 1-0: Foul Ball, location: 2F 1-1: SINGLE (Line Drive, 89S, EV 104.4 MPH)
|
Batting: LHB Soo-yeon Kym
|
0-0: Ball 1-0: Foul Ball, location: 2F 1-1: Called Strike 1-2: Strikes out swinging
|
Batting: LHB T.J. Duvall
|
0-0: Called Strike 0-1: Foul Ball, location: 2F 0-2: Strikes out swinging
|
Top of the 6th over - 0 runs, 1 hit, 0 errors, 1 left on base; Mobile 1 - Harrisburg 5 |
BOTTOM OF THE 6TH |
Harrisburg Senators batting - Pitching for Mobile BayBears : RHP Tadatoki Yoshida
|
Batting: RHB Antonio Morado
|
0-0: Called Strike 0-1: Swinging Strike 0-2: Ball 1-2: Foul Ball, location: 2F 1-2: Ball 2-2: Ground out 6-3 (Groundball, 6, EV 83.1 MPH)
|
Batting: RHB Seth Rutz
|
0-0: Ball 1-0: Foul Ball, location: 2F 1-1: Ball 2-1: DOUBLE (Line Drive, 89D, EV 106.9 MPH)
|
Batting: RHB Pat Drader
|
0-0: SINGLE (Line Drive, 8RS, EV 97.5 MPH) Seth Rutz to third Runner from 3rd tries for Home, throw by CF and OUT! 8-2
|
Batting: RHB Antonio Laurel
|
0-0: Called Strike 0-1: SINGLE (Flyball, 8LS, EV 90.0 MPH) Pat Drader to second
|
Batting: RHB Kevin Wick
|
0-0: Ground out 4-3 (Groundball, 4S, EV 82.5 MPH)
|
Bottom of the 6th over - 0 runs, 3 hits, 0 errors, 2 left on base; Mobile 1 - Harrisburg 5 |
TOP OF THE 7TH |
Mobile BayBears batting - Pitching for Harrisburg Senators : RHP Ivano Galikov
|
Batting: RHB Chris Bittner
|
0-0: SOLO HOME RUN (Flyball, 7D, EV 93.8 MPH), Distance : 372 ft
|
Batting: RHB Paul Schreiber
|
0-0: Ball 1-0: Ball 2-0: Foul Ball, location: 2F 2-1: Fly out, F8 (Flyball, 8LD, EV 95.6 MPH)
|
Batting: RHB Jeremy Adams
|
0-0: Ball 1-0: Swinging Strike 1-1: Ball 2-1: Ground out 6-3 (Groundball, 6, EV 82.5 MPH)
|
Batting: RHB Yasuo Nakata
|
0-0: Ball 1-0: Ball 2-0: Foul Ball, location: 2F 2-1: Foul Ball, location: 2F 2-2: SINGLE (Popup, 56D, EV 53.8 MPH)
|
Pitching: RHP Alex Vasquez
|
|
Batting: RHB Carlos Ballesteros
|
0-0: Ball 1-0: Ball 2-0: Called Strike 2-1: Ball 3-1: Base on Balls Yasuo Nakata to second
|
Batting: LHB Koson Hirai
|
0-0: Ground out U3 (Groundball, 34S, EV 84.4 MPH)
|
Top of the 7th over - 1 run, 2 hits, 0 errors, 2 left on base; Mobile 2 - Harrisburg 5 |
BOTTOM OF THE 7TH |
Harrisburg Senators batting - Pitching for Mobile BayBears : RHP Tadatoki Yoshida
|
Pitching: RHP Manuel Maldonado
|
|
Batting: RHB Slavik Nebrodov
|
0-0: DOUBLE (Line Drive, 89M, EV 110.0 MPH)
|
Batting: RHB Paul Shell
|
0-0: Ball 1-0: Foul Ball, location: 2F 1-1: Ball 2-1: Fly out, F8 (Line Drive, 8RM, EV 84.4 MPH)
|
Batting: RHB Ben Welt
|
0-0: Ball 1-0: Ball 2-0: Foul Ball, location: 2F 2-1: Swinging Strike 2-2: Ground out 6-3 (Groundball, 6, EV 78.8 MPH)
|
Batting: LHB Evan Oliveri
|
0-0: Ball 1-0: Swinging Strike 1-1: Ball 2-1: Ball 3-1: Foul Ball, location: 2F 3-2: Ground out 1-3 (Groundball, 13S, EV 62.5 MPH)
|
Bottom of the 7th over - 0 runs, 1 hit, 0 errors, 1 left on base; Mobile 2 - Harrisburg 5 |
TOP OF THE 8TH |
Mobile BayBears batting - Pitching for Harrisburg Senators : RHP Alex Vasquez
|
Batting: RHB Josh Burrows
|
0-0: Ball 1-0: Foul Ball, location: 2F 1-1: Foul Ball, location: 2F 1-2: Foul Ball, location: 2F 1-2: Ground out 6-3 (Groundball, 6, EV 85.6 MPH)
|
Batting: LHB Soo-yeon Kym
|
0-0: Called Strike 0-1: Foul Ball, location: 2F 0-2: SINGLE (Groundball, 56D, EV 104.4 MPH)
|
Batting: LHB T.J. Duvall
|
|
Pitching: LHP Kyle Bachman
|
|
Pinch Hitting: RHB Blake Beale
|
0-0: Grounds into double play, 6-4-3 (Groundball, 6M, EV 89.4 MPH)
|
Top of the 8th over - 0 runs, 1 hit, 0 errors, 0 left on base; Mobile 2 - Harrisburg 5 |
BOTTOM OF THE 8TH |
Harrisburg Senators batting - Pitching for Mobile BayBears : RHP Manuel Maldonado
|
Now at 1B: Ben Alspach
|
|
Batting: RHB Antonio Morado
|
0-0: Called Strike 0-1: Swinging Strike 0-2: Ball 1-2: Foul Ball, location: 2F 1-2: Strikes out swinging
|
Batting: RHB Seth Rutz
|
0-0: Foul Ball, location: 2F 0-1: Ball 1-1: Foul Ball, location: 2F 1-2: Ball 2-2: Strikes out looking
|
Batting: RHB Pat Drader
|
0-0: Ball 1-0: Ball 2-0: Called Strike 2-1: Foul Ball, location: 2F 2-2: Ground out 4-3 (Groundball, 4, EV 91.2 MPH)
|
Bottom of the 8th over - 0 runs, 0 hits, 0 errors, 0 left on base; Mobile 2 - Harrisburg 5 |
TOP OF THE 9TH |
Mobile BayBears batting - Pitching for Harrisburg Senators : LHP Kyle Bachman
|
Pitching: RHP Stacey Kerssies
|
|
Batting: RHB Chris Bittner
|
0-0: Ball 1-0: Ball 2-0: Called Strike 2-1: Swinging Strike 2-2: Strikes out swinging
|
Batting: RHB Paul Schreiber
|
0-0: Swinging Strike 0-1: Fly out, F9 (Flyball, 9, EV 93.1 MPH)
|
Batting: RHB Jeremy Adams
|
0-0: Ball 1-0: Foul Ball, location: 2F 1-1: Fly out, F8 (Flyball, 8LD, EV 104.4 MPH)
|
Top of the 9th over - 0 runs, 0 hits, 0 errors, 0 left on base; Mobile 2 - Harrisburg 5 |
|